 Dungeon Crawl Stone Soup version 0.26-a0-651-gb41185065b (webtiles) character file.

Game seed: 3426032080074791379

2144 Flugslaktarn the Grappler (level 9, -2/89 HPs)
             Began as a Troll Fighter on Oct 27, 2020.
             Was a Priest of Ru.
             Slain by Erica
             ... wielding a +4 scimitar of flaming
              (11 damage)
             ... on level 8 of the Dungeon.
             The game lasted 00:03:23 (5580 turns).

Flugslaktarn the Grappler (Troll Fighter)           Turns: 5580, Time: 00:03:24

Health: -2/89      AC:  6    Str: 27    XL:     9   Next: 9%
Magic:  8/8        EV:  7    Int:  4    God:    Ru [***...]
Gold:   360        SH:  9    Dex: 11    Spells: 8/8 levels left

rFire    . . .     SeeInvis .     - Unarmed
rCold    . . .     Faith    .   b - +1 kite shield
rNeg     . . .     Spirit   .   a - +0 robe
rPois    .         Reflect  .   (helmet restricted)
rElec    .         Harm     .   f - scarf {+Inv}
rCorr    .         Rampage  .   (gloves unavailable)
MR       .....                  (boots unavailable)
Stlth    +.........             (no amulet)
HPRegen  0.64/turn              (no ring)
MPRegen  0.11/turn              (no ring)

@: exhausted, lightly drained
A: large, unfitting armour, claws 3, regeneration 1, shaggy fur 1, tough skin 3,
hated by all, unskilled 1
a: Draw Out Power, Renounce Religion, Evoke Invisibility


You were on level 8 of the Dungeon.
You worshipped Ru.
Ru was most pleased with you.
You visited 1 branch of the dungeon, and saw 8 of its levels.
You also visited: Sewer.

You collected 452 gold pieces.
You spent 92 gold pieces at shops.

Inventory:

Missiles
 k - 3 throwing nets (quivered)
Armour
 a - a +0 robe (worn)
 b - a +1 kite shield (worn)
 f - a scarf of invisibility (worn)
   (You found it on level 5 of the Dungeon)
 m - +0 fire dragon scales
   (You found it on level 5 of the Dungeon)
Wands
 c - a wand of iceblast (6)
   (You found it on level 7 of the Dungeon)
 g - a wand of digging (2)
   (You took it off Ijyb on level 5 of the Dungeon)
Scrolls
 o - a scroll of fear {unknown}
 p - a scroll of fog
 t - 2 scrolls of teleportation
 x - 3 scrolls of remove curse
 z - a scroll of blinking
Potions
 d - 2 potions of might
 e - 2 potions of stabbing
 h - 2 potions of magic
 i - 2 potions of degeneration
 j - a potion of cancellation
 l - 3 potions of flight
 n - a potion of ambrosia
 q - 2 potions of curing
 w - a potion of heal wounds


   Skills:
 + Level 5.7(5.3) Fighting
 - Level 2.1(1.8) Dodging
 - Level 2.1(1.8) Shields
 * Level 9.2(8.8) Unarmed Combat


You had 8 spell levels left.
You didn't know any spells.
Your spell library was empty.

Dungeon Overview and Level Annotations

Branches:
Dungeon (8/15)             Temple (0/1) D:4           Sewer (visited)
   Lair: D:8-11

Altars:
Kikubaaqudgha
Nemelex Xobeh
Okawaru
Ru
Vehumet
Xom
The Shining One

Shops:
D:5 (*

Annotations:
D:5 exclusion: statue
D:8 Erica


Innate Abilities, Weirdness & Mutations

You are too large for most types of armour.
You have claws for hands.
Your natural rate of healing is unusually fast.
You are covered in fur. (AC +1)
You have extremely tough skin. (AC +3)
You are hated by all.
You are somewhat unskilled. (-1 Apt)


Message History

Erica hits you with a +4 scimitar of flaming!
* * * LOW HITPOINT WARNING * * *
Erica burns you.
* * * LOW HITPOINT WARNING * * *
You block the two-headed ogre's attack. x2
You claw the two-headed ogre!
The two-headed ogre is heavily wounded.
Erica hits you with a +4 scimitar of flaming.
* * * LOW HITPOINT WARNING * * *
Erica burns you.
* * * LOW HITPOINT WARNING * * *
Unknown command.
Okay, then.
You are restored by drawing out deep reserves of power within.
You feel drained.
The two-headed ogre hits you with a +0 giant club!!
* * * LOW HITPOINT WARNING * * *
The two-headed ogre barely misses you.
Erica hits you with a +4 scimitar of flaming!
You die...

##### #######
#.....##.....##
#..............###
..................
...................#
........./..O@....#
#......>.>..@.....#
###...........##⌠##.#
#............## ##
#.........## ≈#
#.........# .#
#.<..<#...#≈.♣. #
#.........⌠..≈_#
#...##.####(.... ###.
#.# .≈^.≈


You could see Erica and a two-headed ogre.

Vanquished Creatures
  Menkaure (D:7)
  A water moccasin (D:6)
  Duvessa (D:7)
  A sky beast (D:6)
  Purgy (Sewer)
  A centaur (D:6)
  5 ogres
  Blork the orc (D:5)
  4 bullfrogs
  Dowan (D:7)
  A water moccasin zombie (D:7)
  A water moccasin skeleton (D:8)
  A hound (D:5)
  2 orc priests
  Ijyb (D:5)
  An iguana (D:4)
  5 orc wizards
  2 worker ants (D:4)
  2 hound skeletons (D:4)
  A worker ant zombie (D:7)
  7 gnolls
  8 adders
  A white imp (D:5)
  2 oozes
  6 worms
  3 dart slugs
  7 leopard geckos
  7 orcs
  4 giant cockroaches
  5 goblins
  7 hobgoblins
  16 jackals
  6 quokkas
  3 bats
  10 frilled lizards
  12 kobolds
  A quokka skeleton (D:4)
  8 rats
147 creatures vanquished.

Vanquished Creatures (others)
  A centaur (D:6)
  2 withered plants (D:7)
3 creatures vanquished.

Grand Total: 150 creatures vanquished

Notes
Turn   | Place    | Note
-------+----------+-------------------------------------------
     0 | D:1      | Flugslaktarn the Troll Fighter began the quest for the Orb.
     0 | D:1      | Reached XP level 1. HP: 22/22 MP: 0/0
   287 | D:1      | Reached XP level 2. HP: 26/29 MP: 1/1
   630 | D:2      | Reached skill level 3 in Unarmed Combat
   680 | D:2      | Reached XP level 3. HP: 36/36 MP: 2/2
  1558 | D:3      | Reached XP level 4. HP: 39/45 MP: 3/3
  2012 | D:4      | Reached skill level 4 in Unarmed Combat
  2038 | D:4      | Noticed an ogre
  2047 | D:4      | Killed an ogre
  2047 | D:4      | Reached XP level 5. HP: 9/53 MP: 4/4
  2160 | D:4      | Found a sacrificial altar of Ru.
  2167 | D:4      | Became a worshipper of Ru the Awakened
  2438 | D:4      | Reached skill level 5 in Unarmed Combat
  2512 | D:4      | Found a sparkling altar of Nemelex Xobeh.
  2531 | D:4      | Noticed an ogre
  2533 | D:4      | Reached XP level 6. HP: 62/62 MP: 5/5
  2653 | D:4      | Found a staircase to the Ecumenical Temple.
  2727 | D:4      | Reached skill level 6 in Unarmed Combat
  2763 | D:4      | Reached XP level 7. HP: 26/70 MP: 6/6
  3105 | D:5      | Entered Level 5 of the Dungeon
  3105 | D:5      | Found Ilonep's Assorted Antiques.
  3142 | D:5      | Bought a scroll labeled QAOMPY WUMMUO for 23 gold pieces
  3142 | D:5      | Bought a scroll labeled LYGREI FOUG for 23 gold pieces
  3142 | D:5      | Bought a scroll labeled DUZ QAMAOPIX for 23 gold pieces
  3142 | D:5      | Bought a scroll labeled ATYCOED LUPPE for 23 gold pieces
  3174 | D:5      | Noticed Blork the orc
  3180 | D:5      | Killed Blork the orc
  3211 | D:5      | Reached skill level 7 in Unarmed Combat
  3262 | D:5      | Found a radiant altar of Vehumet.
  3325 | D:5      | Found Pypla's Antique Weapon Shoppe.
  3369 | D:5      | Gained mutation: You are somewhat unskilled. (-1 Apt) [Ru
                  | sacrifice]
  3369 | D:5      | Reduced skill Unarmed Combat to level 6
  3369 | D:5      | Reached * piety under Ru
  3562 | D:5      | Found a glowing golden altar of the Shining One.
  3654 | D:5      | Noticed Ijyb
  3657 | D:5      | Killed Ijyb
  3894 | D:6      | Reached skill level 7 in Unarmed Combat
  4038 | D:6      | Reached XP level 8. HP: 74/79 MP: 7/7
  4288 | D:6      | Reached skill level 5 in Fighting
  4355 | D:6      | Found a glowing drain.
  4364 | Sewer    | Entered a sewer
  4374 | Sewer    | Noticed Purgy
  4379 | Sewer    | Killed Purgy
  4379 | Sewer    | Reached skill level 8 in Unarmed Combat
  5012 | D:7      | Found an ancient bone altar of Kikubaaqudgha.
  5123 | D:7      | Gained mutation: You are hated by all. [Ru sacrifice]
  5123 | D:7      | Reached ** piety under Ru
  5123 | D:7      | Reached *** piety under Ru
  5139 | D:7      | Noticed Menkaure
  5143 | D:7      | Killed Menkaure
  5143 | D:7      | Reached skill level 9 in Unarmed Combat
  5235 | D:7      | Found a shimmering altar of Xom.
  5252 | D:7      | Found an iron altar of Okawaru.
  5331 | D:7      | Noticed Duvessa
  5335 | D:7      | Noticed Dowan
  5339 | D:7      | Killed Duvessa
  5339 | D:7      | Reached XP level 9. HP: 87/88 MP: 8/8
  5346 | D:7      | Killed Dowan
  5569 | D:8      | Found a shimmering altar of Xom.
  5572 | D:8      | Noticed Erica
  5572 | D:8      | Noticed a two-headed ogre
  5580 | D:8      | Slain by Erica

Illustrated notes

Levels and vault maps discovered:
D:1:      ncdulo_wetmaze, layout_loops_cross
D:2:      layout_basic, mrwooster_statue_mirror
D:3:      layout_loops_cross
D:4:      layout_loops_corners, nemelex_xobeh_ov_fountains_minmay,
          nicolae_overflow_crystal_walls, minmay_temple_entry_proselytizer,
          grunt_ministairs_8
D:5:      layout_gridville, vehumet_statue, nicolae_tso_swordbearing_angel,
          serial_shops, nicolae_shop_overgrown_old_shop, kennysheep_mini,
          uniq_ijyb, uniq_blork_the_orc
D:6:      layout_basic, gup_sewer_entry_bubbles
D:7:      layout_cave_pools, kiku_gazebo_garden_becter, basic_altar,
          okawaru_gym_becter, uniq_duvessa, uniq_menkaure
D:8:      layout_rooms, yredelemnul_altar_generic, xom_redecorated,
          nicolae_dithmenos_the_darkroom, hellmonk_ghost_happy_afterlife,
          uniq_erica

Skill      XL: |  1  2  3  4  5  6  7  8 |
---------------+-------------------------+-----
Unarmed Combat | 3 4 5 6 7 9 |  9.2
Fighting       | 3 4 5 |  5.7
Dodging        | |  2.1
Shields        | |  2.1

Action                   |  1- 3 |  4- 6 |  7- 9 || total
-------------------------+-------+-------+-------++-------
Melee: Unarmed           |   145 |   119 |   186 ||   450
Invok: Sacrifice Skill   |       |       |     1 ||     1
       Sacrifice Love    |       |       |     1 ||     1
       Draw Out Power    |       |       |     1 ||     1
  Use: Scroll            |       |       |    17 ||    17
       Potion            |       |       |     1 ||     1
 Stab: Sleeping          |       |       |     1 ||     1
Armor: Robe              |    38 |    28 |    51 ||   117
Dodge: Dodged            |    34 |    34 |    63 ||   131
Block: Kite shield       |    46 |    37 |    80 ||   163

Table legend: (Time is in decaauts)
 A = Elapsed time spent in this place.
 B = Non-inter-level travel time spent in this place.
 C = Inter-level travel time spent in this place.
 D = Time resting spent in this place.
 E = Time spent auto-exploring this place.
 F = Levels seen in this place.
 G = Mean time per level.
                   A        B        C        D        E       F      G
               +--------+--------+--------+--------+--------+-----+--------+
         Total |   5611 |   5432 |    179 |     75 |   4385 |   9 |  623.4 |
       Dungeon |   5459 |   5280 |    179 |     75 |   4275 |   8 |  682.4 |
         Sewer |    152 |    152 |      0 |      0 |    110 |   1 |  152.0 |
               +--------+--------+--------+--------+--------+-----+--------+

Top non-repeatable levels by time:
     D:4: 1104 daAuts
     D:6: 979 daAuts
     D:2: 837 daAuts
     D:5: 755 daAuts
     D:1: 627 daAuts
     D:7: 593 daAuts
     D:3: 540 daAuts
   Sewer: 152 daAuts
     D:8: 21 daAuts
